 Dungeon Crawl Stone Soup version 0.31-a0-1476-g8a4046af8c (webtiles) character file.

Game seed: 2558031861670319557

50762 Bnni the Geomancer (level 14, -1/113 HPs)
             Began as a Formicid Earth Elementalist on Dec 29, 2023.
             Was the Champion of Cheibriados.
             Slain by an eight-headed hydra (13 damage)
             ... on level 2 of the Lair of Beasts.
             The game lasted 00:51:16 (15800 turns).

Bnni the Geomancer (Formicid Earth Elementalist)   Turns: 15800, Time: 00:51:16

Health: -1/113     AC: 17    Str: 29    XL:     14   Next: 99%
Magic:  9/26       EV: 15    Int: 37    God:    Cheibriados [******]
Gold:   470        SH: 21    Dex: 29    Spells: 6/30 levels left

rFire   . . .        e - +1 short sword (venom)
rCold   . . .        N - +0 tower shield
rNeg    + . .        P - +3 scale mail
rPois   +            (helmet unavailable)
rElec   .            y - +0 cloak
rCorr   +            W - +0 pair of gloves
SInv    +            F - +1 pair of boots
Will    +....        Q - amulet of regeneration
Stlth   ++           C - ring "Foihog" {rN+ rCorr EV+5 Int+3 Slay-2}
HPRegen 1.18/turn    M - ring of New Discoveries {+Blink rPois}
MPRegen 0.20/turn

%: no passive effects
@: very slow
A: permanent stasis, dig shafts and tunnels, antennae 3, four strong arms
a: Dig, Shaft Self, Renounce Religion, Bend Time, Temporal Distortion, Slouch,
Step From Time


You were on level 2 of the Lair of Beasts.
You worshipped Cheibriados.
Cheibriados was exalted by your worship.
You visited 2 branches of the dungeon, and saw 17 of its levels.
You also visited: Sewer and Gauntlet.

You collected 1374 gold pieces.
You spent 904 gold pieces at shops.

Inventory:

Hand Weapons
 e - a +1 short sword of venom (weapon)
 n - the +2 short sword of Juruxzos {drain, rPois rN+ Int-4 Dex+2}
   (You took it off a kobold demonologist on level 12 of the Dungeon)

   Int-4:     It affects your intelligence (-4).
   Dex+2:     It affects your dexterity (+2).
   rPois:     It protects you from poison rN+: It protects you from negative
   energy.
 E - a +2 whip of electrocution
Missiles
 J - 3 curare-tipped darts
Armour
 y - a +0 cloak (worn)
 F - a +1 pair of boots (worn)
 N - a +0 tower shield (worn)
 O - a +2 plate armour of willpower
 P - a +3 scale mail (worn)
 W - a +0 pair of gloves (worn)
Magical Staves
 T - the staff of Cobwebs {Str+4 Conj}
   (You found it in a Gauntlet)

   [staff of conjuration]

   Base accuracy: +5 Base damage: 5 Base attack delay: 1.2 This weapon's minimum
   attack delay (0.6) is reached at skill level 12.
   Str+4:     It affects your strength (+4).
   Conj:      It increases the power of your Conjurations spells.
   It falls into the 'Staves' category.
   It is a weapon for one hand-pair.
Jewellery
 f - a ring of fire
 o - a ring of flight
 B - a ring of ice
 C - the ring "Foihog" (left hand) {rN+ rCorr EV+5 Int+3 Slay-2}
   (You bought it in a shop on level 12 of the Dungeon)

   [ring of evasion]

   EV+5:      It affects your evasion (+5).
   Int+3:     It affects your intelligence (+3).
   Slay-2:    It affects your accuracy & damage with ranged weapons and melee
   (-2).
   rN+:       It protects you from negative energy.
   rCorr:     It protects you from acid and corrosion.
 D - a ring of ice
 M - the ring of New Discoveries (right hand) {+Blink rPois}
   (You found it in a Gauntlet)

   [ring of poison resistance]

   rPois:     It protects you from poison +Blink: It lets you blink.
 Q - an amulet of regeneration (around neck)
Wands
 l - a wand of roots (17)
 K - a wand of light (1)
 L - a wand of paralysis (6)
 R - a wand of flame (18)
 V - a wand of polymorph (13)
Scrolls
 c - 5 scrolls of fear
 g - a scroll of brand weapon
 j - 2 scrolls of silence
 q - 4 scrolls of enchant armour
 t - 2 scrolls of enchant weapon
 u - 5 scrolls of immolation
 w - 3 scrolls of amnesia
 G - a scroll of poison
 I - a scroll of fog
 S - 2 scrolls of revelation
Potions
 a - a potion of cancellation {unknown}
 b - 3 potions of magic
 d - 2 potions of mutation
 h - 2 potions of lignification
 i - a potion of invisibility {unknown}
 k - 7 potions of curing
 m - 2 potions of resistance
 r - 2 potions of ambrosia
 s - 3 potions of attraction {unknown}
 v - 3 potions of brilliance {unknown}
 z - 2 potions of heal wounds
 A - 3 potions of enlightenment
 H - 2 potions of might {unknown}
Miscellaneous
 x - a phantom mirror
 U - a condenser vane


   Skills:
 + Level 11.0 Fighting
 * Level 11.0 Armour
 - Level 1.7 Dodging
 - Level 2.4 Stealth
 + Level 11.6 Shields
 + Level 8.5 Spellcasting
 - Level 5.0 Conjurations
 - Level 3.0 Summonings
 + Level 14.2 Earth Magic
 - Level 1.3 Alchemy
 - Level 13.0 Invocations


You had 6 spell levels left.
You knew the following spells:

 Your Spells              Type           Power      Damage    Failure   Level
a - Sandblast             Erth           100%       2d20      1%          1
b - Passwall              Erth           88%        N/A       1%          3
c - Stone Arrow           Conj/Erth      100%       3d13      1%          3
d - Brom's Barrelling Bo  Conj/Erth      72%        2d9       2%          4
e - Lee's Rapid Deconstr  Erth           44%        3d21*     1%          5
f - Petrify               Alch/Erth      65%        N/A       4%          4
g - Animate Armour        Summ/Erth      100%       N/A       3%          4

Your spell library contained the following spells:

 Spells                   Type           Power      Damage    Failure   Level
 Freeze                   Ice            60%        1d7       12%         1
 Hailstorm                Conj/Ice       34%        3d8       13%         3
 Ensorcelled Hibernation  Hex/Ice        30%        N/A       19%         2
 Summon Ice Beast         Ice/Summ       26%        N/A       21%         3
 Frozen Ramparts          Ice            30%        1d5       36%         3
 Fugue of the Fallen      Necr           15%        N/A       36%         3
 Inner Flame              Hex/Fire       15%        N/A       36%         3
 Ozocubu's Armour         Ice            15%        N/A       36%         3
 Flame Wave               Conj/Fire      34%        2d10      41%         4
 Summon Lightning Spire   Summ/Air       26%        N/A       54%         4
 Sticky Flame             Fire/Alch      20%        2d6       67%         4
 Manifold Assault         Tloc           15%        N/A       77%         4
 Summon Mana Viper        Hex/Summ       26%        N/A       88%         5
 Monstrous Menagerie      Summ           19%        N/A       100%        7
 Swiftness                Air            Unusable   N/A       N/A         3

Dungeon Overview and Level Annotations

Branches:
Dungeon (15/15)            Temple (0/1) D:5            Lair (2/5) D:9
 Spider (0/4) Lair:2          Orc (0/2) D:11         Vaults (0/5) D:13
  Sewer (visited)         Gauntlet (visited)
  Swamp: Lair:2-3    Shoals: Lair:2-3    Depths: D:15

Altars:
Cheibriados
Elyvilon
Fedhas
Gozag
Kikubaaqudgha
Makhleb
Okawaru
Qazlal
Uskayaw
Wu Jian
Xom
Yredelemnul
Zin

Shops:
D:3 **   D:7 =   D:10 *   D:12 =!=


Innate Abilities, Weirdness & Mutations

You cannot be hasted, slowed, berserked, paralysed or teleported.
You can dig through walls and to a lower floor.
You have a pair of large antennae on your head. (SInv)
Your four strong arms can wield two-handed weapons with a shield.


Message History

The seven-headed hydra barely misses you.
The eight-headed hydra bites you but does no damage.
The eight-headed hydra bites you. The eight-headed hydra bites you!
The eight-headed hydra bites you but does no damage. x2
The eight-headed hydra bites you. The eight-headed hydra misses you.
The eight-headed hydra bites you but does no damage.
Casting: Sandblast (safe; 1% risk of failure)
Confirm with . or Enter, or press ? or * to list all spells.
Okay, then.
Casting: Sandblast (safe; 1% risk of failure)
Confirm with . or Enter, or press ? or * to list all spells.
You block the seven-headed hydra's attack. x2
The seven-headed hydra bites you!
You block the seven-headed hydra's attack.
The seven-headed hydra bites you!
You block the seven-headed hydra's attack.
The seven-headed hydra bites you!
* * * LOW HITPOINT WARNING * * *
The eight-headed hydra misses you. The eight-headed hydra bites you.
* * * LOW HITPOINT WARNING * * *
The eight-headed hydra bites you but does no damage.
The eight-headed hydra bites you.
* * * LOW HITPOINT WARNING * * *
The eight-headed hydra bites you.
* * * LOW HITPOINT WARNING * * *
The eight-headed hydra bites you but does no damage.
The eight-headed hydra closely misses you.
The eight-headed hydra bites you.
* * * LOW HITPOINT WARNING * * *
Okay, then.
You feel much better.
You block the seven-headed hydra's attack.
The seven-headed hydra bites you but does no damage.
The seven-headed hydra completely misses you.
The seven-headed hydra bites you!
* * * LOW HITPOINT WARNING * * *
You block the seven-headed hydra's attack. x3
The eight-headed hydra bites you but does no damage.
The eight-headed hydra bites you!
You die...

.........♣~ ♣♣...........
.........♣.. ♣............
........♣♣.. ♣♣.####.#.#..
.........♣♣§§ ♣.P##..#.#+#
#.#.##.†♣♣♣§§♣♣♣♣ ♣.##.......#
... #...♣♣§{...♣♣ ♣♣...........
.... #....♣♣♣♣...♣♣♣...#.......#
.....#...♣♣≈.~DDw.♣♣...#........
.....#..♣♣≈...†@~♣♣P...+.......#
.........♣≈≈..~.~~♣♣..#.#####†.#
..#......♣≈≈~~~~.[.♣♣..####..###
.........♣♣♣♣♣♣♣..♣♣.........
............................. .
.............................
.............................
.............................
###.......##....####.........


You could see an eight-headed hydra (ally target), a seven-headed hydra, a
tyrant leech and a friendly animated scale mail (summoned).

Vanquished Creatures
  Kirke (D:11)
  Nessos (D:12)
  2 vault guards (D:13)
  4 boulder beetles
  3 two-headed ogres
  2 tengu warriors (D:14)
  Urug (D:11)
  4 skeletal warriors
  Pikel (D:6)
  2 ugly things
  A deep elf pyromancer (D:13)
  3 cyclopes
  2 manticores
  3 elephants (Gauntlet)
  5 cane toads
  4 gargoyles (D:11)
  A minotaur zombie (Gauntlet)
  5 komodo dragons
  2 unseen horrors (D:10)
  A kobold demonologist (D:12)
  Jeremiah (D:9)
  A rime drake (Lair:1)
  Psyche (D:12)
  A polar bear (Lair:1)
  A troll (D:11)
  6 slime creatures
  6 shadows
  A wraith (D:13)
  A vampire (D:12)
  Sigmund (D:3)
  22 yaks
  A wyvern (D:8)
  Eustachio (D:6)
  A hog (D:12)
  2 fire elementals (D:12)
  A warg (D:9)
  A steam dragon (D:7)
  3 basilisks
  8 vampire mosquitoes (D:12)
  Menkaure (D:7)
  A swamp worm (Lair:2)
  3 acid dragons
  A hell hound (D:12)
  5 water moccasins
  6 orc warriors
  An ogre (D:7)
  4 boggarts (D:15)
  2 wolves (D:9)
  5 centaurs
  A phantom (D:5)
  4 kobold brigands
  8 bullfrogs
  2 gnoll sergeants
  2 small abominations (Gauntlet)
  2 scorpions
  9 killer bees
  4 howler monkeys
  A crimson imp (D:8)
  2 hounds
  A bombardier beetle (D:5)
  2 jellies
  13 orc priests
  8 iguanas
  A gnoll bouda (D:6)
  Ijyb (D:3)
  A sleepcap (D:6)
  Natasha (twice) (D:3)
  19 orc wizards
  A nameless horror (D:13)
  Robin (D:2)
  7 gnolls (D:6)
  6 adders
  2 river rats (D:4)
  2 white imps
  2 ufetubi (D:5)
  4 worms
  4 dart slugs
  53 orcs
  2 endoplasms
  6 giant cockroaches
  11 goblins
  6 hobgoblins
  7 jackals
  A quokka (D:3)
  9 ball pythons
  5 bats
  4 frilled lizards
  23 kobolds
  4 rats
380 creatures vanquished.

Vanquished Creatures (collateral kills)
  A minotaur (Gauntlet)
  Azrael (D:12)
  6 vault guards (D:13)
  2 two-headed ogres
  A skyshark (Lair:2)
  Nergalle (D:11)
  An orc knight (D:15)
  5 ugly things
  3 cyclopes
  An elephant (Gauntlet)
  A torpor snail (Gauntlet)
  2 cane toads (Lair:2)
  A minotaur zombie (Gauntlet)
  A komodo dragon (D:13)
  A polar bear (Lair:2)
  A shadow (Gauntlet)
  A wraith (D:13)
  5 yaks (Lair:1)
  A basilisk (D:13)
  2 hogs (D:12)
  2 fire elementals (D:12)
  A swamp worm (Lair:2)
  A small abomination (Gauntlet)
  2 water moccasins (Lair:1)
  2 bullfrogs (Lair:1)
  A nameless horror (D:13)
  An orc (D:15)
  3 boulders (D:10)
51 creatures vanquished.

Vanquished Creatures (others)
  4 slime creatures (D:12)
4 creatures vanquished.

Grand Total: 435 creatures vanquished

Notes
Turn   | Place    | Note
-------+----------+-------------------------------------------
     0 | D:1      | Bnni the Formicid Earth Elementalist began the quest for
                  | the Orb.
     0 | D:1      | Reached XP level 1. HP: 13/13 MP: 3/3
   222 | D:1      | Reached XP level 2. HP: 20/20 MP: 0/5
   315 | D:1      | Reached skill level 4 in Earth Magic
   797 | D:2      | Reached skill level 1 in Fighting
   800 | D:1      | Reached XP level 3. HP: 24/26 MP: 4/6
   806 | D:1      | Learned a level 3 spell: Passwall
   810 | D:1      | Learned a level 3 spell: Stone Arrow
   825 | D:2      | Noticed Robin
  1001 | D:2      | Killed Robin
  1002 | D:2      | Reached XP level 4. HP: 18/32 MP: 1/8
  1074 | D:2      | Found a faded altar of an unknown god.
  1085 | D:2      | Prayed at the altar of an unknown god.
  1085 | D:2      | Became a worshipper of Cheibriados the Contemplative
  1085 | D:2      | Reached * piety under Cheibriados
  1152 | D:2      | Reached skill level 5 in Earth Magic
  1156 | D:2      | HP: 1/33 [orc/+0 flail (4)]
  1476 | D:2      | Reached XP level 5. HP: 38/38 MP: 7/9
  1784 | D:3      | Noticed Ijyb
  1792 | D:3      | Killed Ijyb
  1793 | D:3      | Reached skill level 1 in Invocations
  1934 | D:3      | Noticed Natasha
  1939 | D:3      | Noticed Sigmund
  1940 | D:3      | Killed Natasha
  1941 | D:3      | Reached skill level 1 in Conjurations
  1941 | D:3      | Reached ** piety under Cheibriados
  1944 | D:3      | Killed Sigmund
  1945 | D:3      | Reached XP level 6. HP: 46/46 MP: 5/11
  2008 | D:3      | Found a blossoming altar of Fedhas.
  2158 | D:3      | Reached skill level 6 in Earth Magic
  2235 | D:3      | Reached XP level 7. HP: 48/48 MP: 10/12
  2324 | D:3      | Found Zanit's General Store.
  2328 | D:3      | Found Ynguw's Assorted Antiques.
  2342 | D:3      | Bought a scroll labelled XILIUC ZYNG for 25 gold pieces
  2342 | D:3      | Bought a silvery potion for 22 gold pieces
  2342 | D:3      | Bought a black potion for 22 gold pieces
  2353 | D:3      | Bought a scroll of noise for 12 gold pieces
  2353 | D:3      | Bought a scroll of identify for 24 gold pieces
  2353 | D:3      | Bought a scroll of identify for 24 gold pieces
  2442 | D:3      | Noticed Natasha
  2459 | D:3      | Killed Natasha
  2476 | D:3      | Learned a level 4 spell: Brom's Barrelling Boulder
  2967 | D:4      | Found a glowing drain.
  2969 | D:4      | Reached *** piety under Cheibriados
  3038 | Sewer    | Entered a sewer
  3105 | Sewer    | Reached skill level 1 in Shields
  3184 | Sewer    | Found a glowing silver altar of Zin.
  3271 | D:4      | Found an ornate altar of the Wu Jian Council.
  3824 | D:4      | Reached XP level 8. HP: 58/58 MP: 11/13
  4066 | D:5      | Entered Level 5 of the Dungeon
  4080 | D:5      | Reached **** piety under Cheibriados
  4188 | D:5      | Found a staircase to the Ecumenical Temple.
  4259 | D:5      | Reached skill level 7 in Earth Magic
  4973 | D:6      | Noticed Pikel
  4978 | D:6      | Killed Pikel
  4979 | D:6      | Reached XP level 9. HP: 66/66 MP: 10/15
  5022 | D:6      | Reached skill level 8 in Earth Magic
  5022 | D:6      | Reached skill level 5 in Invocations
  5171 | D:6      | Noticed Eustachio
  5179 | D:6      | Killed Eustachio
  5179 | D:6      | Reached ***** piety under Cheibriados
  5321 | D:6      | Found an opulent altar of Gozag.
  5471 | D:7      | Found Nourrota's Jewellery Shop.
  5476 | D:6      | Reached skill level 5 in Spellcasting
  5484 | D:6      | Reached skill level 5 in Conjurations
  5485 | D:7      | Noticed Menkaure
  5536 | D:7      | Killed Menkaure
  5545 | D:7      | Reached skill level 5 in Fighting
  5583 | D:7      | Reached skill level 1 in Armour
  5656 | D:7      | Reached XP level 10. HP: 74/74 MP: 14/17
  5692 | D:7      | Reached skill level 9 in Earth Magic
  5793 | D:7      | Reached skill level 5 in Shields
  6020 | D:7      | Noticed a komodo dragon
  6035 | D:7      | Killed a komodo dragon
  6359 | D:7      | Learned a level 4 spell: Petrify
  6806 | D:8      | Found a burning altar of Makhleb.
  6807 | D:8      | Found a shimmering altar of Xom.
  6969 | D:9      | Identified the amulet "Lofe" {Faith rElec Will- Str+3}
  6979 | D:9      | Noticed Jeremiah
  6992 | D:9      | Killed Jeremiah
  7023 | D:9      | Noticed a two-headed ogre
  7027 | D:9      | Killed a two-headed ogre
  7028 | D:9      | Reached skill level 10 in Earth Magic
  7119 | D:9      | Found a staircase to the Lair.
  7241 | D:9      | Reached XP level 11. HP: 34/82 MP: 16/18
  7581 | D:9      | Learned a level 5 spell: Lee's Rapid Deconstruction
  7964 | D:10     | Entered Level 10 of the Dungeon
  7988 | D:10     | Reached skill level 1 in Summonings
  8039 | D:10     | Reached skill level 11 in Earth Magic
  8247 | D:10     | Found a stormy altar of Qazlal.
  8247 | D:10     | Found a white marble altar of Elyvilon.
  8248 | D:10     | Found an ancient bone altar of Kikubaaqudgha.
  8248 | D:10     | Found a basalt altar of Yredelemnul.
  8251 | D:10     | Found an iron altar of Okawaru.
  8436 | D:10     | Noticed a two-headed ogre
  8444 | D:10     | Killed a two-headed ogre
  8562 | D:10     | Found Zin's Purification Station.
  8572 | D:10     | Found a glowing silver altar of Zin.
  8882 | D:10     | Noticed a manticore
  8896 | D:10     | Killed a manticore
  9180 | D:11     | Noticed a cyclops
  9185 | D:11     | Reached ****** piety under Cheibriados
  9192 | D:11     | Killed a cyclops
  9429 | D:11     | Reached skill level 5 in Armour
  9462 | D:11     | Noticed Nergalle
  9465 | D:11     | You are sucked into a shaft and drop 1 floor!
  9628 | D:12     | Reached XP level 12. HP: 91/91 MP: 15/21
  9676 | D:11     | Noticed a skeletal warrior
  9680 | D:11     | Killed a skeletal warrior
  9743 | D:12     | Reached skill level 10 in Invocations
  9869 | D:11     | Learned a level 4 spell: Animate Armour
 10091 | D:11     | Killed Nergalle
 10491 | D:11     | Found a staircase to the Orcish Mines.
 10661 | D:11     | Noticed Urug
 10676 | D:11     | Killed Urug
 10861 | D:12     | Noticed Psyche
 10863 | D:12     | Killed Psyche
 10889 | D:12     | Noticed Nessos
 10892 | D:12     | Noticed a boulder beetle
 10898 | D:12     | Reached skill level 12 in Earth Magic
 10903 | D:12     | Identified the +2 short sword of Juruxzos {drain, rPois rN+
                  | Int-4 Dex+2}
 10907 | D:12     | Killed Nessos
 10909 | D:12     | Noticed a sixfirhy
 10913 | D:12     | Killed a boulder beetle
 10915 | D:12     | Noticed Azrael
 10920 | D:12     | You are sucked into a shaft and drop 1 floor!
 11046 | D:13     | Reached XP level 13. HP: 86/99 MP: 18/24
 11120 | D:13     | Found a gate leading to a gauntlet.
 11137 | Gauntlet | Entered a Gauntlet
 11137 | Gauntlet | Found a transporter.
 11145 | Gauntlet | Found a transporter.
 11147 | Gauntlet | Found a transporter.
 11156 | Gauntlet | Found a runed translucent door.
 11158 | Gauntlet | Found a transporter.
 11160 | Gauntlet | Found a transporter.
 11162 | Gauntlet | Noticed an entropy weaver
 11171 | Gauntlet | Found a transporter.
 11189 | Gauntlet | Found a transporter.
 11192 | Gauntlet | Noticed a ghost crab
 11200 | Gauntlet | Found a transporter.
 11212 | Gauntlet | Found a transporter.
 11213 | Gauntlet | Found a runed translucent door.
 11227 | Gauntlet | Found a runed translucent door.
 11231 | Gauntlet | Found a transporter.
 11244 | Gauntlet | Found a runed translucent gate.
 11245 | Gauntlet | Found a transporter.
 11245 | Gauntlet | Found a runed translucent gate.
 11245 | Gauntlet | Found a transporter.
 11246 | Gauntlet | Found a runed translucent gate.
 11306 | Gauntlet | Found a transporter.
 11309 | Gauntlet | Found a transporter.
 11547 | Gauntlet | Identified the ring of New Discoveries {+Blink rPois}
 11570 | Gauntlet | Noticed a minotaur
 11584 | Gauntlet | Killed a minotaur
 11585 | Gauntlet | Reached skill level 10 in Shields
 11675 | Gauntlet | Identified the staff of Cobwebs {Str+4 Conj}
 11812 | D:13     | Noticed a vault guard
 11815 | D:13     | Noticed a vault guard
 11817 | D:13     | Noticed a vault guard
 11819 | D:13     | Killed a vault guard
 11822 | D:13     | Noticed a vault guard
 11827 | D:13     | Killed a vault guard
 11841 | D:13     | Killed a vault guard
 11853 | D:13     | Killed a vault guard
 11854 | D:13     | Reached skill level 13 in Earth Magic
 12054 | D:13     | Noticed a vault guard
 12067 | D:13     | Killed a vault guard
 12229 | D:13     | Noticed a vault guard
 12245 | D:13     | Killed a vault guard
 12298 | D:13     | Noticed a vault guard
 12328 | D:13     | Killed a vault guard
 12609 | D:13     | Noticed a vault guard
 12614 | D:13     | Reached XP level 14. HP: 109/109 MP: 14/26
 12638 | D:13     | Reached skill level 10 in Fighting
 12726 | D:13     | Found a gate to the Vaults.
 13114 | D:12     | You fall into a shaft and drop 3 floors!
 13114 | D:15     | Entered Level 15 of the Dungeon
 13754 | D:12     | Found Feza's Jewellery Boutique.
 13817 | D:12     | Found Qong's Distillery.
 13839 | D:12     | Killed Azrael
 13840 | D:12     | Reached skill level 10 in Armour
 13846 | D:12     | Bought a potion of degeneration for 15 gold pieces
 13922 | D:12     | Noticed Kirke
 13954 | D:12     | Noticed a sphinx
 13984 | D:11     | Killed Kirke
 14180 | D:12     | Found Angitzam's Jewellery Emporium.
 14188 | D:12     | Bought the ring "Foihog" {rN+ rCorr EV+5 Int+3 Slay-2} for
                  | 760 gold pieces
 14477 | Lair:1   | Entered Level 1 of the Lair of Beasts
 14477 | Lair:1   | Found an ornate altar of the Wu Jian Council.
 14478 | Lair:1   | Found a hide-covered altar of Uskayaw.
 14512 | Lair:1   | Reached skill level 14 in Earth Magic
 15467 | Lair:2   | Found a hole to the Spider Nest.
 15799 | Lair:2   | HP: 4/113 [eight-headed hydra (4)]
 15800 | Lair:2   | Slain by an eight-headed hydra

Illustrated notes

Levels and vault maps discovered:
D:1:      eino_arrival_druids_welcome, layout_basic
D:2:      layout_basic, hellmonk_ecumenical_altar_leap_of_faith,
          kennysheep_generic_room_3, uniq_robin
D:3:      layout_loops_ring, fedhas_altar_3, serial_shops, shop, shop,
          ebering_dispersal_statue_hall, uniq_natasha, uniq_sigmund, uniq_ijyb
D:4:      layout_loops_corners, nicolae_wu_jian_immortal_techniques,
          cheibrodos_sewer_entry_sluice
D:5:      layout_basic, minmay_temple_entry_glassed_door
D:6:      layout_basic, nicolae_gozag_cash_rules_everything_around_me,
          uniq_pikel, uniq_eustachio
D:7:      layout_cave_pools, serial_shops, shop, minmay_lizard_king,
          uniq_menkaure
D:8:      layout_cave_pools, grunt_temple_overflow_champion_of_chaos
D:9:      layout_roguey, erik_lair_orcish_takeover, uniq_jeremiah
D:10:     layout_irregular_city, zin_purify, grunt_temple_overflow_open
D:11:     hangedman_cross_stitches, layout_small_grid, hiddenorc1_lemuel,
          uniq_urug, uniq_nergalle
D:12:     layout_cave_pools, serial_shops, shop, shop,
          nicolae_shop_window_shopping, uniq_nessos, uniq_azrael, uniq_kirke,
          uniq_psyche
D:13:     layout_loops_ring, erik_vaults_2, gauntlet_entry_generic,
          grunt_decor_one_mirror, kennysheep_potato
D:14:     layout_small_grid, columned_hall_lemuel, uniq_roxanne, uniq_louise
D:15:     grunt_enter_depths_hoard, layout_irregular_city, minivault_27,
          minivault_24, kennysheep_kite_vault, uniq_agnes
Lair:1:   layout_regular_city, nzn_masters_of_martial_movement
Lair:2:   layout_regular_city, palyth_hydra_swamp_entry, dummy_spider_entry,
          uniq_gastronok, uniq_harold, uniq_fannar

Skill      XL: |  1  2  3  4  5  6  7  8  9 10 11 12 13 14 |
---------------+-------------------------------------------+-----
Earth Magic    | 4 5 6 7 8 10 11 12 13 14 | 14.2
Fighting       | 1 2 3 4 5 6 7 8 9 11 | 11.0
Spellcasting   | 3 4 5 6 7 8 |  8.5
Invocations    | 1 2 4 6 8 9 10 12 13 | 13.0
Conjurations   | 1 2 3 4 5 |  5.0
Shields        | 1 3 4 6 7 9 10 11 | 11.6
Armour         | 1 3 5 6 8 11 | 11.0
Summonings     | 3 |  3.0
Dodging        | |  1.7
Stealth        | |  2.4
Alchemy        | |  1.3

Action                     |  1- 3 |  4- 6 |  7- 9 | 10-12 | 13-15 || total
---------------------------+-------+-------+-------+-------+-------++-------
  Melee: Unarmed           |     7 |       |       |       |     1 ||     8
         Dagger            |    16 |    17 |       |       |       ||    33
         Short sword       |       |       |    66 |   124 |   191 ||   381
  Throw: Dart              |       |       |       |    10 |     7 ||    17
   Cast: Sandblast         |    29 |    53 |   141 |   190 |   216 ||   629
         Stone Arrow       |       |       |       |    13 |     9 ||    22
         Petrify           |       |       |       |     6 |     3 ||     9
         Brom's Barrelling |       |       |       |     3 |       ||     3
         Lee's Rapid Decon |       |       |       |    13 |     9 ||    22
         Animate Armour    |       |       |       |     4 |    51 ||    55
         Passwall          |       |       |       |       |     1 ||     1
 Invoke: Bend Time         |       |       |       |     2 |     3 ||     5
         Slouch            |       |       |       |     6 |     2 ||     8
Ability: Dig               |       |     1 |       |     3 |     1 ||     5
         Shaft Self        |       |       |       |     2 |     1 ||     3
  Evoke: Wand              |       |       |       |    14 |     5 ||    19
    Use: Potion            |       |     3 |       |     3 |     3 ||     9
         Scroll            |       |       |     7 |     7 |     4 ||    18
   Stab: Sleeping          |     2 |       |       |       |       ||     2
         Petrified         |       |       |       |    19 |     6 ||    25
         Petrifying        |       |       |       |     2 |       ||     2
         Distracted        |       |       |       |       |     3 ||     3
 Armour: Leather armour    |    38 |    21 |       |       |       ||    59
         Robe              |       |    10 |     1 |       |       ||    11
         Ring mail         |       |       |    30 |       |       ||    30
         Chain mail        |       |       |    28 |    72 |       ||   100
         Scale mail        |       |       |       |    83 |   260 ||   343
         Skin              |       |       |       |       |     5 ||     5
  Dodge: Dodged            |    37 |    35 |    42 |    79 |   150 ||   343
  Block: Kite shield       |       |       |    65 |   147 |    82 ||   294
         Tower shield      |       |       |       |       |   415 ||   415

Table legend: (Time is in decaauts)
 A = Elapsed time spent in this place.
 B = Non-inter-level travel time spent in this place.
 C = Inter-level travel time spent in this place.
 D = Time resting spent in this place.
 E = Time spent auto-exploring this place.
 F = Levels seen in this place.
 G = Mean time per level.
                   A        B        C        D        E       F      G
               +--------+--------+--------+--------+--------+-----+--------+
         Total |  22516 |  21784 |    732 |   2810 |  14409 |  19 | 1185.1 |
       Dungeon |  19061 |  18389 |    672 |   2610 |  12315 |  15 | 1270.7 |
          Lair |   2213 |   2153 |     60 |      0 |   1692 |   2 | 1106.5 |
         Sewer |    255 |    255 |      0 |      0 |    132 |   1 |  255.0 |
      Gauntlet |    986 |    986 |      0 |    200 |    268 |   1 |  986.0 |
               +--------+--------+--------+--------+--------+-----+--------+

Top non-repeatable levels by time:
    D:13: 2225 daAuts
    D:11: 1995 daAuts
    D:10: 1795 daAuts
    D:12: 1628 daAuts
     D:9: 1585 daAuts
     D:4: 1563 daAuts
  Lair:1: 1482 daAuts
     D:3: 1441 daAuts
     D:5: 1337 daAuts
     D:7: 1196 daAuts
     D:2: 1009 daAuts
Gauntlet: 986 daAuts
     D:1: 963 daAuts
     D:8: 913 daAuts
     D:6: 816 daAuts
